 Dungeon Crawl Stone Soup version 0.22.1-1-ga44c0e56f4 (webtiles) character file.

58 Ivernyr the Magician (level 4, 36/36 HPs)
             Began as a Naga Wizard on Oct 19, 2018.
             Quit the game on level 2 of the Dungeon.
             The game lasted 00:06:56 (1691 turns).

Ivernyr the Magician (Naga Wizard)                  Turns: 1691, Time: 00:06:57

Health: 36/36      AC:  2    Str:  9    XL:     4   Next: 1%
Magic:  3/9        EV: 10    Int: 19    God:
Gold:   69         SH:  0    Dex: 10    Spells: 1/10 levels left

rFire    . . .     SeeInvis +   c - +0 spear
rCold    . . .     Gourm    .   (no shield)
rNeg     . . .     Faith    .   a - +0 robe
rPois    +         Spirit   .   b - +0 hat
rElec    .         Reflect  .   (no cloak)
rCorr    .         Harm     .   (no gloves)
MR       .....                  (no barding)
Stlth    ++........             (no amulet)
HPRegen  0.12/turn              (no ring)
MPRegen  0.11/turn              (no ring)

@: very slow
A: large, see invisible, deformed body, poison resistance, slowness 2, slow
metabolism 1, spit poison 1, AC +1
a: Spit Poison


You were on level 2 of the Dungeon.
You were not hungry.

You visited 1 branch of the dungeon, and saw 2 of its levels.

You collected 69 gold pieces.

Inventory:

Hand Weapons
 c - a +0 spear (weapon)
Armour
 a - a +0 robe (worn)
 b - a +0 hat (worn)
Scrolls
 f - a scroll of remove curse {unknown}
 g - 2 scrolls of identify {unknown}
 h - a scroll of fear {unknown}
 i - a scroll of blinking {unknown}
 j - a scroll of random uselessness {unknown}
Potions
 e - a potion of curing {unknown}
Comestibles
 d - 5 rations


   Skills:
 - Level 1.5 Dodging
 - Level 3.0 Stealth
 + Level 3.8 Spellcasting
 + Level 2.6 Conjurations
   Level 1.0 Summonings
 - Level 1.0 Translocations


You had one spell level left.
You knew the following spells:

 Your Spells              Type           Power        Failure   Level  Hunger
a - Magic Dart            Conj           ##..         4%          1    None
b - Blink                 Tloc           N/A          14%         2    ##.....
c - Conjure Flame         Conj/Fire      #.......     24%         3    ###....
d - Mephitic Cloud        Conj/Pois/Air  #.......     28%         3    ###....

Your spell library contained the following spells:

 Spells                   Type           Power        Failure   Level  Hunger
 Call Imp                 Summ           #.......     14%         2    ##.....
 Slow                     Hex            #.......     22%         2    ##.....


Dungeon Overview and Level Annotations

Branches:
Dungeon (2/15)

Altars:


Innate Abilities, Weirdness & Mutations

You cannot wear boots.
Your serpentine skin is tough. (AC +1)
You have supernaturally acute eyesight. (SInv)
Armour fits poorly on your strangely shaped body.
Your system is resistant to poisons. (rPois)
You cover ground very slowly.
You have a slow metabolism.
You can spit poison.


Message History

Casting: Magic Dart (safe; 4% risk of failure)
Confirm with . or Enter, or press ? or * to list all spells.
Aiming: Magic Dart (safe; 4% risk of failure)
Press: ? - help, Shift-Dir - straight line, f/p - kobold
Aim: a kobold, wielding a whip (moderately wounded)
The magic dart hits the kobold.
The kobold is severely wounded.
The kobold throws a stone.
The stone closely misses you.
Casting: Magic Dart (safe; 4% risk of failure)
Confirm with . or Enter, or press ? or * to list all spells.
Aiming: Magic Dart (safe; 4% risk of failure)
Press: ? - help, Shift-Dir - straight line, f/p - kobold
Aim: a kobold, wielding a whip (severely wounded)
The magic dart hits the kobold.
You kill the kobold!
You have reached level 4!
You feel agile.
You start resting.
HP restored.
Are you sure you want to abandon this character and quit the game? (Confirm

########################
........##......#.......
..).....##.....(#.......
..>......+...(..@)......
###......#......#†...$..
#.#.##.#.....†#.......
#.#....#......#.......
#.#....#......#.....). #
#.#....#......#....... #
#.#...)#......#.......
###.##'#.#......#.......
..#.##.#.#......#


There were no monsters in sight!

Vanquished Creatures
  An adder (D:2)
  A worm (D:2)
  3 leopard geckos
  An orc (D:2)
  4 bats (D:2)
  2 giant cockroaches
  4 goblins
  6 hobgoblins
  3 jackals (D:2)
  A ball python (D:2)
  2 frilled lizards
  8 kobolds
  5 rats
41 creatures vanquished.

Notes
Turn   | Place    | Note
-------+----------+-------------------------------------------
     0 | D:1      | Ivernyr the Naga Wizard began the quest for the Orb.
     0 | D:1      | Reached XP level 1. HP: 15/15 MP: 4/4
   450 | D:1      | Reached XP level 2. HP: 22/22 MP: 1/6
  1090 | D:2      | Reached XP level 3. HP: 28/28 MP: 0/8
  1162 | D:2      | Learned a level 2 spell: Blink
  1166 | D:2      | Learned a level 3 spell: Conjure Flame
  1170 | D:2      | Learned a level 3 spell: Mephitic Cloud
  1660 | D:2      | Reached XP level 4. HP: 32/36 MP: 0/9
  1691 | D:2      | Quit the game

Skill      XL: |  1  2 |
---------------+-------+-----
Conjurations   | 2 |  2.6
Dodging        | |  1.5
Stealth        | |  3.0
Spellcasting   | |  3.8
Summonings     | |  1.0
Translocations | |  1.0

Action                   |  1- 3 |  4- 6 || total
-------------------------+-------+-------++-------
Melee: Spear             |    21 |       ||    21
 Cast: Magic Dart        |    87 |     1 ||    88
 Abil: Spit Poison       |     6 |       ||     6
  Eat: Chunk             |     1 |       ||     1
Armor: Robe              |    10 |       ||    10
Dodge: Dodged            |    18 |       ||    18
